 Dungeon Crawl Stone Soup version 0.24.0-29-g8ce449bc06 (webtiles) character file.

Game seed: 8136798066201254365, levelgen mode: deterministic

103 Matador8 the Conjurer (level 4, 0/49 HPs)
             Began as a Draconian Conjurer on Nov 13, 2019.
             Killed by nerve-wracking pain
             ... invoked by an orc priest
              (2 damage)
             ... on level 3 of the Dungeon.
             The game lasted 00:07:05 (2499 turns).

Matador8 the Conjurer (Draconian Conjurer)          Turns: 2499, Time: 00:07:07

Health: 0/49       AC:  5    Str: 15    XL:     4   Next: 51%
Magic:  7/9        EV: 12    Int: 17    God:
Gold:   121        SH:  0    Dex: 11    Spells: 5/9 levels left

rFire    . . .     SeeInvis .   k - +2 dagger (venom)
rCold    . . .     Gourm    .   (no shield)
rNeg     . . .     Faith    .   (armour unavailable)
rPois    .         Spirit   .   (helmet restricted)
rElec    .         Reflect  .   (no cloak)
rCorr    .         Harm     .   (no gloves)
MR       .....                  (no boots)
Stlth    ..........             (no amulet)
HPRegen  0.16/turn              (no ring)
MPRegen  0.11/turn              (no ring)

@: berserking, very quick
A: unfitting armour, cold-blooded, AC +5
a: no special abilities


You were on level 3 of the Dungeon.
You were not hungry.

You visited 1 branch of the dungeon, and saw 3 of its levels.

You collected 121 gold pieces.

Inventory:

Hand Weapons
 k - a +2 dagger of venom (weapon)
Jewellery
 n - an uncursed ring of protection from cold {unknown}
Scrolls
 a - a scroll of blinking {unknown}
 c - 2 scrolls of magic mapping {unknown}
 g - 3 scrolls of identify {unknown}
 j - 4 scrolls of fear {unknown}
 l - a scroll of remove curse {unknown}
 m - 2 scrolls of fog {unknown}
 o - a scroll of enchant armour {unknown}
Potions
 e - 2 potions of curing {unknown}
 f - a potion of berserk rage
 h - a potion of degeneration {unknown}
 i - a potion of resistance {unknown}
Comestibles
 b - 5 rations
 d - 2 chunks of flesh


   Skills:
 - Level 1.7 Dodging
 - Level 1.7 Stealth
 + Level 3.4 Spellcasting
 + Level 5.1 Conjurations


You had 5 spell levels left.
You knew the following spells:

 Your Spells              Type           Power        Failure   Level  Hunger
a - Magic Dart            Conj           ###.         1%          1    None
b - Dazzling Spray        Conj/Hex       ##....       19%         3    ###....

Your spell library contained the following spells:

 Spells                   Type           Power        Failure   Level  Hunger
 Searing Ray              Conj           ###...       3%          2    ##.....
 Iskenderun's Mystic Bla  Conj           ###.....     21%         4    ####...
 Force Lance              Conj/Tloc      ##......     52%         4    ####...
 Fulminant Prism          Conj/Hex       ##........   52%         4    ####...


Dungeon Overview and Level Annotations

Branches:
Dungeon (3/15)

Altars:
Ru


Innate Abilities, Weirdness & Mutations

Your plain brown scales are hard. (AC +5)
You cannot fit into any form of body armour.
You are cold-blooded and may be slowed by cold attacks.


Message History

You hit the orc priest.
Your tail-slap misses the orc priest.
The orc priest is heavily wounded.
The orc wizard hits you but does no damage.
The orc wizard hits you with a +2 dagger of speed.
The orc priest invokes the aid of Beogh against you.
Beogh smites you!
You closely miss the orc priest.
The orc priest is heavily wounded.
The orc wizard hits you with a +2 dagger of speed.
The orc priest calls down the wrath of Beogh upon you.
Beogh smites you!
* * * LOW HITPOINT WARNING * * *
It was a potion of berserk rage.
A red film seems to cover your vision as you go berserk!
You feel yourself moving faster!
You feel mighty!
The orc wizard mumbles some strange words.
The orc wizard seems to speed up.
The orc priest mumbles some strange prayers to Beogh against you.
Pain shoots through your body!
You die...

######### #........
## ######.#######
.. .....(......)).
#. ##########.####
#. #..........
#o#######.#######.#
#o@...)............
#.......#.........#
#.#####.#######>...
#. #... .... . #.
##### ###..## #. #.
#. #. ..


You could see an orc priest and an orc wizard.

Vanquished Creatures
  An orc wizard (D:2)
  An adder (D:3)
  A worm (D:2)
  3 dart slugs
  3 orcs (D:3)
  A ball python (D:3)
  8 bats
  2 giant cockroaches (D:1)
  6 goblins
  7 hobgoblins
  2 jackals (D:1)
  10 kobolds
  A quokka (D:2)
  3 frilled lizards
  4 rats
53 creatures vanquished.

Notes
Turn   | Place    | Note
-------+----------+-------------------------------------------
     0 | D:1      | Matador8 the Draconian Conjurer began the quest for the
                  | Orb.
     0 | D:1      | Reached XP level 1. HP: 14/14 MP: 3/3
   141 | D:1      | Reached XP level 2. HP: 18/20 MP: 0/5
   721 | D:1      | Reached XP level 3. HP: 24/26 MP: 0/7
  1425 | D:2      | Found a sacrificial altar of Ru.
  1437 | D:2      | Reached XP level 4. HP: 32/33 MP: 2/8
  1445 | D:2      | Learned a level 3 spell: Dazzling Spray
  1978 | D:3      | Reached skill level 5 in Conjurations
  2498 | D:3      | HP: 1/33 [orc priest/divine providence (12)]
  2499 | D:3      | Killed from afar by an orc priest

Levels and vault maps discovered:
D:1:      minmay_arrival_wavy_path, layout_rooms, minmay_tromino_i2
D:2:      layout_loops_ring, chequers_serial_rivers_micro_e,
          minmay_misc_feat_secret_circle, nicolae_ru_great_annihilating_truth
D:3:      layout_basic, first_ration, gammafunk_ghost_split

Skill      XL: |  1  2  3  4 |
---------------+-------------+-----
Spellcasting   | 3 |  3.4
Conjurations   | 5 |  5.1
Dodging        | |  1.7
Stealth        | |  1.7

Action                   |  1- 3 |  4- 6 || total
-------------------------+-------+-------++-------
Melee: Unarmed           |    11 |       ||    11
       Dagger            |    34 |    39 ||    73
       Tailslap          |     4 |     4 ||     8
 Cast: Magic Dart        |    73 |    26 ||    99
  Use: Potion            |       |     1 ||     1
 Stab: Sleeping          |     1 |     2 ||     3
  Eat: Chunk             |     2 |     4 ||     6
Armor: Skin              |    18 |     5 ||    23
Dodge: Dodged            |    37 |    27 ||    64
